 Dungeon Sprint DCSS version 0.17-a0-2220-g6fea741 (webtiles) character file.

24 Kidiri the Sneak (level 2, -3/21 HPs)
             Began as a Spriggan Enchanter on Oct 28, 2015.
             Drowned by a water elemental (4 damage)
             ... in the Dungeon (Sprint III: "The Ten Rune Challenge").
             The game lasted 00:02:02 (443 turns).

Kidiri the Sneak (Spriggan Enchanter)                Turns: 443, Time: 00:02:02

Health: -3/21      AC:  3    Str:  9    XL:     2   Next: 79%
Magic:  7/7        EV: 20    Int: 16    God:
Gold:   33         SH:  0    Dex: 16    Spells: 2 memorised, 5 levels left

rFire  . . .     SeeInvis +     a - +1 dagger
rCold  . . .     Clarity  +     b - +1 robe
rNeg   . . .     SustAt   .     (shield restricted)
rPois  .         Gourm    .     (helmet restricted)
rElec  +         Spirit   .     (no cloak)
rCorr  .         Warding  .     (gloves unavailable)
rMut   .         NoTele   +     (boots unavailable)
MR     .....                    (no amulet)
Stlth  ..........               (no ring)
                                (no ring)

@: berserking, engulfed (cannot breathe), very quick, not resistant to hostile
enchantments, extremely unstealthy
A: unfitting armour, icy blue scales 1, see invisible, clarity, deformed body,
herbivore 3, speed 3, electricity resistance, slow metabolism 2
a: no special abilities


You were in the Dungeon.
You were not hungry.

You visited 1 branch You collected 33 gold pieces.

Inventory:

Hand Weapons
 a - a +1 dagger (weapon)
Armour
 b - a +1 robe (worn)
Scrolls
 j - a scroll of blinking
 l - a scroll of immolation
 n - 2 scrolls of remove curse
 r - a scroll of holy word {unknown}
 s - a scroll of magic mapping {unknown}
Potions
 e - a potion of curing
 f - a potion of heal wounds
 g - a potion of haste
 h - 2 potions of magic
 p - 4 potions of cure mutation
 q - 3 potions of flight
Books
 c - a book of Maledictions

   Spells                             Type                      Level
   a - Corona                         Hexes                        1
   b - Ensorcelled Hibernation        Hexes/Ice                    2
   c - Confuse                        Hexes                        3
   d - Tukima's Dance                 Hexes                        3
   e - Dazzling Spray                 Conjuration/Hexes            3
Comestibles
 d - a bread ration
 o - a royal jelly


   Skills:
 + Level 1.0 Fighting
 * Level 2.9 Short Blades
 + Level 1.1 Armour
 * Level 4.6 Dodging
 * Level 5.6 Stealth
 * Level 3.6 Spellcasting
 + Level 4.1 Hexes
 + Level 0.0 Ice Magic


You had 5 spell levels left.
You knew the following spells:

 Your Spells              Type           Power        Failure   Level  Hunger
a - Corona                Hex            ###....      3%          1    None
b - Ensorcelled Hibernat  Hex/Ice        #.....       14%         2    ##.....


Dungeon Overview and Level Annotations

Branches:
Dungeon (1/1)

Altars:


Innate Abilities, Weirdness & Mutations

You are tiny and cannot use many weapons and most armour.
You have supernaturally acute eyesight.
You are a herbivore.
You cover ground extremely quickly.
You need consume almost no food.
You are partially covered in icy blue scales (AC +1).
You possess an exceptional clarity of mind.
Armour fits poorly on your strangely shaped body.
You are resistant to electric shocks.


Message History

The water elemental barely misses you.
You completely miss the water elemental.
The water elemental is moderately damaged.
The water elemental hits you.
* * * LOW HITPOINT WARNING * * *
The water elemental engulfs you in water!
You are too injured to fight recklessly!
You are too injured to fight recklessly!
You barely miss the water elemental.
The water elemental is moderately damaged.
* * * LOW HITPOINT WARNING * * *
Your lungs strain for air!
You hit the water elemental.
The water elemental is heavily damaged.
* * * LOW HITPOINT WARNING * * *
Your lungs strain for air!
The water elemental barely misses you.
You barely miss the water elemental.
The water elemental is heavily damaged.
You die...

▓▓▓▓▓▓▓▓▓▓▓▓ ▓▓▓
▓<.#..+....♣♣♣ ♣.#
▓..#%.#....♣.♣ ♣.#
▓#'####......♣ ♣.#
▓.....#....≈.♣♣♣♣.###+#+##
▓†....#...≈≈.♣.♣♣.#.......
▓.....#..≈≈≈≈.♣♣..'.⌠.....
▓####'#..≈≈≈≈≈≈♣.E#...####
▓(..†.#.≈≈≈≈≈≈..@.#.⌠.#
▓.....#.≈≈≈≈≈.....#...#
▓.....#.≈≈≈.......#+###
▓'#####...........#
▓.........÷.......#
▓▓▓▓▓▓▓▓▓▓▓▓▓▓▓▓▓▓▓


You could see a water elemental.

Vanquished Creatures
  A human (D)
  A phantom (D)
  4 rats (D)
6 creatures vanquished.

Vanquished Creatures (others)
  2 draconian scorchers (D)
2 creatures vanquished.

Grand Total: 8 creatures vanquished

Notes
Turn   | Place    | Note
--------------------------------------------------------------
     0 | D        | Kidiri the Spriggan Enchanter began the quest for the Orb.
     0 | D        | Reached XP level 1. HP: 9/9 MP: 5/5
    49 | D        | Reached skill level 1 in Armour
    49 | D        | Reached skill level 5 in Stealth
    49 | D        | Reached XP level 2. HP: 14/14 MP: 3/7
    53 | D        | Learned a level 2 spell: Ensorcelled Hibernation
   169 | D        | Killed a white draconian scorcher
   195 | D        | Reached skill level 1 in Fighting
   225 | D        | Killed a white draconian scorcher
   363 | D        | Gained mutation: You are frail (-10% HP). [potion of mutation]
   363 | D        | Gained mutation: You possess an exceptional clarity of mind. [potion of mutation]
   363 | D        | Gained mutation: Armour fits poorly on your strangely shaped body. [potion of mutation]
   364 | D        | Gained mutation: You are partially covered in icy blue scales (AC +1). [potion of mutation]
   364 | D        | Gained mutation: You are resistant to electric shocks. [potion of mutation]
   364 | D        | Lost mutation: You are frail (-10% HP). [potion of mutation]
   429 | D        | Noticed a water elemental
   442 | D        | HP: 1/21 [drowned by a water elemental (3)]
   443 | D        | Drowned by a water elemental

Vault maps used:
D:        dungeon_sprint_mu

Action                   || total
-------------------------++-------
Melee: Dagger            ||    42
 Cast: Corona            ||     8
  Use: Potion            ||     3
       Scroll            ||     2
 Stab: Sleeping          ||     3
